Cogmind - Beta 13 @@@ ROGUE MODE // 2024.03.25 @ 17:30:32 Player: f_ Result: Self-destructed Performance ------------- Evolutions (2) 1000 Regions Visited (5) 1000 Robots Destroyed (33) 165 Value Destroyed (720) 720 Prototype IDs (7) 140 Alien Tech Used (0) 0 Bonus (300) 300 TOTAL SCORE: 3325 Bonus ------- Aligned with FarCom 300 Cogmind --------- Core Integrity 399/550 Matter 27/300 Energy 3/100 System Corruption 1% Temperature Cool (0) Movement Core (400) Ox7 Location -8/Materials Parts ------- > --- POWER (1) -------- (None) > --- PROPULSION (2) --- (None) > --- UTILITY (6) ------ Medium Storage Unit Modified TNC ECM Suite Hardened Medium Armor Plating > --- WEAPON (2) ------- Hammer > --- INVENTORY (10) --- Trap Scanner Melee Analysis Suite Actuator Array Heavy Armor Plating Particle Cannon Enhanced Autogun Missile Launcher Datajack Peak State ------------ > --- POWER ------------ Cooled Ion Engine > --- PROPULSION ------- Wheel Compact Wheel > --- UTILITY ---------- Medium Storage Unit Modified TNC ECM Suite Hardened Light Armor Plating Hardened Light Armor Plating Hardened Medium Armor Plating > --- WEAPON ----------- Advanced EMP Blaster Missile Launcher > --- INVENTORY -------- Trap Scanner Actuator Array Heavy Armor Plating Particle Cannon Enhanced Autogun Missile Launcher Datajack Hammer [Rating: 29] Favorites ----------- Power Ion Engine Engine Ion Engine Propulsion Compact Wheel Wheel Compact Wheel Utility Hardened Light Armor Plating Device ECM Suite Storage Medium Storage Unit Processor Modified TNC Protection Hardened Light Armor Plating Weapon Advanced EMP Blaster Energy Gun Small Laser Ballistic Gun Enhanced Autogun Launcher Advanced EMP Blaster Impact Weapon Hammer Build | -11 -10 -10 -10 -9 -8 ------- Run | Yrd Mat Min Exi Min Mat Slots Evolved 4 | . . . . . 4 Power . | . . . . . . Propulsion . | . . . . . . Utility 4 | . . . . . 4 Weapon . | . . . . . . Parts Attached 47 | 8 5 3 2 . 29 Power 5 | 1 2 . . . 2 Engine 5 | 1 2 . . . 2 Core . | . . . . . . Reactor . | . . . . . . Propulsion 3 | 2 . . . . 1 Treads . | . . . . . . Leg . | . . . . . . Wheel 3 | 2 . . . . 1 Hover . | . . . . . . Flight . | . . . . . . Utility 19 | 2 1 2 2 . 12 Device 6 | 1 1 . . . 4 Storage 2 | 1 . . 1 . . Processor 3 | . . 1 1 . 1 Hackware . | . . . . . . Protection 8 | . . 1 . . 7 Artifact . | . . . . . . Weapon 20 | 3 2 1 . . 14 Energy Gun 4 | 2 1 . . . 1 Energy Cannon . | . . . . . . Ballistic Gun 3 | 1 1 . . . 1 Ballistic Cannon . | . . . . . . Launcher 8 | . . 1 . . 7 Special Weapon . | . . . . . . Impact Weapon 5 | . . . . . 5 Slashing Weapon . | . . . . . . Piercing Weapon . | . . . . . . Special Melee Weapon . | . . . . . . Unidentified Prototypes 5 | . . . 1 . 4 Parts Lost 8 | . 1 . . . 7 Power 1 | . . . . . 1 Propulsion 2 | . . . . . 2 Utility 3 | . 1 . . . 2 Weapon 2 | . . . . . 2 Highest Loss Streak 6 | . 1 . . . 6 To Critical Strikes 1 | . . . . . 1 Average Slot Usage (%) 94 | . 90 100 100 100 93 Engine 9 | . 14 14 14 14 8 Wheel 19 | . 28 28 28 28 16 Device 7 | . 4 . . . 9 Storage 10 | . 14 14 14 14 9 Processor 11 | . . . 14 14 13 Protection 15 | . . 14 . . 20 Energy Gun 5 | . 23 14 14 14 . Ballistic Gun 2 | . 4 5 . . 1 Launcher 8 | . . 8 14 14 8 Impact Weapon 3 | . . . . . 4 Naked Turns . | . . . . . . Heaviest Build 50 | 13 13 19 19 19 50 Greatest Support 26 | 26 26 26 26 26 26 Greatest Overweight (x) 11 | . . . . . 11 Average Overweight (x) . | . . . . . 1 Largest Inventory Capacity 10 | 8 8 8 10 10 10 Average Capacity 9 | 7 8 8 8 10 10 Most Carried 10 | 3 8 8 8 8 10 Average Carried 8 | 1 5 7 7 8 9 Final Capacity 10 | 8 8 8 10 10 10 Final Carried 9 | 3 8 8 8 8 9 Class Distribution -------------------- 79% | Mutant 14% | Skirmisher 5% | Assassin Dominant Class ---------------- Mutant | -10/Materials Mutant | -10/Mines Mutant | -10/Exiles Mutant | -9/Mines Mutant | -8/Materials Resources | -11 -10 -10 -10 -9 -8 ----------- Run | Yrd Mat Min Exi Min Mat Matter Collected 817 | 280 75 35 . . 427 Remotely 242 | 242 . . . . . Salvage Created 1140 | 98 169 14 . . 859 Parts 68 | 5 8 3 . . 52 Haulers Intercepted . | . . . . . . Recyclers Shooed 2 | . . . . . 2 Parts Field Recycled . | . . . . . . Retrieved Matter . | . . . . . . Parts Self-Destructed . | . . . . . . Prevented . | . . . . . . Kills | -11 -10 -10 -10 -9 -8 ------- Run | Yrd Mat Min Exi Min Mat Combat Hostiles Destroyed 13 | . 3 2 . . 8 Melee 1 | . . . . . 1 Guns 4 | . 2 1 . . 1 AOE 6 | . . 1 . . 5 Classes Destroyed 10 | 2 2 1 . . 5 Worker 5 | 2 . . . . 3 Builder 5 | . . . . . 5 Recycler 5 | 1 . . . . 4 Mechanic 2 | . . . . . 2 Watcher 3 | . 1 . . . 2 Swarmer 2 | . . 2 . . . Grunt 4 | . 3 . . . 1 Sentry 3 | . . . . . 3 Specialist 3 | . . . . . 3 Hunter 1 | . . . . . 1 Best Kill Streak 8 | 2 2 2 . . 8 Combat Bots Only 3 | . 2 2 . . 3 Max Kills in Single Turn 3 | 1 1 1 . . 3 Gunslinging . | . . . . . . Exploded 1 | . . 1 . . 1 Melee 1 | . . . . . 1 Uniques/NPCs Destroyed . | . . . . . . Combat | -11 -10 -10 -10 -9 -8 -------- Run | Yrd Mat Min Exi Min Mat Hostile Shots Fired 107 | . 17 9 . . 81 Missed 26 | . 5 1 . . 20 Damage Taken 1514 | . 150 77 . . 1287 Core 168 | . 12 5 . . 151 Absorbed by Shields . | . . . . . . Regen/Repaired (Parts) 46 | . . . . . 46 Core Remaining (%) 96 | 100 . . . 93 . Volleys Fired 85 | 14 30 3 . . 38 Largest 2 | 2 2 2 . . 2 Hottest 90 | 90 90 60 . . 72 Shots Fired 140 | 28 58 4 . . 50 Gun 101 | 28 58 3 . . 12 Cannon . | . . . . . . Launcher 39 | . . 1 . . 38 Special . | . . . . . . Kinetic 24 | . 13 1 . . 10 Thermal 46 | 14 28 2 . . 2 Explosive 21 | . . 1 . . 20 Electromagnetic 49 | 14 17 . . . 18 Robot Hit Streak 11 | 5 11 2 . . 7 Robot Miss Streak 5 | 2 5 2 . . 4 Penetration Max . | . . . . . . Secondary Targets . | . . . . . . Shots Hit Robots 83 | 15 33 2 . . 33 Core Hits 49 | 3 8 3 . . 35 Critical Kills . | . . . . . . Critical Parts Destroyed 2 | . . . . . 2 Critical Strikes 3 | 1 . . . . 2 Burn 1 | 1 . . . . . Smash 2 | . . . . . 2 Melee Attacks 27 | . . . . . 27 Impact 27 | . . . . . 27 Slashing . | . . . . . . Piercing . | . . . . . . Sneak Attacks 2 | . . . . . 2 Combat Hostiles 1 | . . . . . 1 Follow-up Attacks . | . . . . . . Damage Inflicted 2719 | 262 375 130 . . 1952 Guns 696 | 196 375 12 . . 113 Cannons . | . . . . . . Explosions 1825 | 66 . 118 . . 1641 Melee 198 | . . . . . 198 Ramming . | . . . . . . Kinetic 158 | . 55 . . . 103 Thermal 488 | 155 186 12 . . 135 Explosive 823 | . . 118 . . 705 Electromagnetic 1052 | 107 134 . . . 811 Impact 198 | . . . . . 198 Slashing . | . . . . . . Piercing . | . . . . . . Highest Corruption 1 | . . . . . 1 Average Corruption 1 | . . . . . 1 Corruption Purged . | . . . . . . Corruption Blocked . | . . . . . . Effects 2 | . . . . . 2 Matter Fused 1 | . . . . . 1 Energy Discharges 1 | . . . . . 1 Overload Shots . | . . . . . . Overflow Damage 72 | . . . . . 72 Projectiles . | . . . . . . Explosions 12 | . . . . . 12 Melee 60 | . . . . . 60 Knockbacks . | . . . . . . Impact . | . . . . . . Kinetic . | . . . . . . Secondary . | . . . . . . Self-Inflicted Damage 66 | . . 11 . . 55 Shots 4 | . . 1 . . 3 Rammed . | . . . . . . Targets Rammed . | . . . . . . Kicked . | . . . . . . Crushed . | . . . . . . Highest Temperature 405 | 180 405 30 . . 119 Average Temperature 80 | 69 119 15 . . 41 Received Heat Transfer 192 | . 102 . . . 90 Effects 4 | . 4 . . . . Shutdowns 1 | . 1 . . . . Matter Decay 1 | . 1 . . . . Damage (major) 2 | . 2 . . . . Siege Activations . | . . . . . . Robots Corrupted 1 | . 1 . . . . Combat Hostiles 1 | . 1 . . . . Parts Fried 6 | . . . . . 6 Impact Corruptions 3 | . . . . . 3 Robots Melted . | . . . . . . Combat Hostiles . | . . . . . . Parts Melted 1 | . . . . . 1 Heat Transferred 1188 | 383 555 25 . . 225 Parts Sabotaged . | . . . . . . Parts Stolen . | . . . . . . Parts Stripped . | . . . . . . Power Chain Reactions 3 | 1 . . . . 2 Alert | -11 -10 -10 -10 -9 -8 ------- Run | Yrd Mat Min Exi Min Mat Peak Influence 253 | 15 101 97 . . 253 Initial 39 | . 9 39 . . . Average 67 | 4 52 75 . . 75 Maximum Alert Level 1 | . . . . . 1 Low Security (%) 93 | 100 100 100 . 100 90 Level 1 6 | . . . . . 9 Level 2 . | . . . . . . Level 3 . | . . . . . . Level 4 . | . . . . . . Level 5 . | . . . . . . High Security . | . . . . . . Max Security . | . . . . . . Squads Dispatched 8 | . 1 . . . 7 Investigation 1 | . 1 . . . . Extermination . | . . . . . . Reinforcement 7 | . . . . . 7 Assault . | . . . . . . Garrison . | . . . . . . Intercept . | . . . . . . Searches Triggered . | . . . . . . Construction Impeded 1 | . . . . . 1 Haulers Reinforced . | . . . . . . Active Scanning Responses . | . . . . . . Cargo Convoy Interrupts . | . . . . . . Stealth | -11 -10 -10 -10 -9 -8 --------- Run | Yrd Mat Min Exi Min Mat Distress Signals 4 | . 1 . . . 3 Communications Jammed . | . . . . . . Distress Signals . | . . . . . . Times Spotted 33 | . 8 3 . . 22 Peak Tracking Total 5 | . 3 3 . . 5 Tactical Retreats 5 | . . . . . 5 Traps | -11 -10 -10 -10 -9 -8 ------- Run | Yrd Mat Min Exi Min Mat Traps Triggered 1 | . 1 . . . . Indirectly . | . . . . . . Trap Hack Attempts . | . . . . . . Triggered . | . . . . . . Disarmed . | . . . . . . Reprogrammed . | . . . . . . Reused . | . . . . . . Traps Extracted . | . . . . . . Installed . | . . . . . . Triggered 2 | . . . . . 2 Machines | -11 -10 -10 -10 -9 -8 ---------- Run | Yrd Mat Min Exi Min Mat Machines Disabled 4 | . 2 . . . 2 Max in Single Turn 1 | . 1 . . . 1 Machines Repaired . | . . . . . . Machines Dismantled . | . . . . . . Machines Sabotaged . | . . . . . . Overloaded Fab Kills . | . . . . . . Hacking | -11 -10 -10 -10 -9 -8 --------- Run | Yrd Mat Min Exi Min Mat Machines Accessed 3 | . . . . . 3 Terminals 2 | . . . . . 2 Fabricators . | . . . . . . Repair Stations 1 | . . . . . 1 Recycling Units . | . . . . . . Scanalyzers . | . . . . . . Garrison Access . | . . . . . . Total Hacks 5 | . . . . . 5 Successful 4 | . . . . . 4 Failed 1 | . . . . . 1 Catastrophic . | . . . . . . Database Lockouts . | . . . . . . Manual 1 | . . . 1 . . Terminals 3 | . . . . . 3 Fabricators . | . . . . . . Repair Stations 2 | . . . . . 2 Recycling Units . | . . . . . . Scanalyzers . | . . . . . . Garrison Access . | . . . . . . Terminal Hacks 2 | . . . . . 2 Record 1 | . . . . . 1 Prototype ID Bank 1 | . . . . . 1 Fabricator Hacks . | . . . . . . Repair Station Hacks 2 | . . . . . 2 Scan Component 1 | . . . . . 1 Repair 1 | . . . . . 1 Recycling Unit Hacks . | . . . . . . Scanalyzer . | . . . . . . Garrison Access Hacks . | . . . . . . Unauthorized Hacks . | . . . . . . Terminals . | . . . . . . Fabricators . | . . . . . . Repair Stations . | . . . . . . Recycling Units . | . . . . . . Scanalyzers . | . . . . . . Garrison Access . | . . . . . . Data Cores Recovered . | . . . . . . Used . | . . . . . . Hacking Detections 2 | . . . . . 2 Full Trace Events . | . . . . . . Feedback Events . | . . . . . . Feedback Blocked . | . . . . . . Robot Schematics Acquired . | . . . . . . Robots Built . | . . . . . . Authchips . | . . . . . . Time . | . . . . . . Total Robot Build Rating . | . . . . . . Part Schematics Acquired . | . . . . . . Parts Built . | . . . . . . Authchips . | . . . . . . Time . | . . . . . . Total Part Build Rating . | . . . . . . Parts Repaired 1 | . . . . . 1 Time 60 | . . . . . 60 Parts Recycled . | . . . . . . Recycled Matter . | . . . . . . Retrieved Matter . | . . . . . . Retrieved Components . | . . . . . . Parts Scanalyzed . | . . . . . . Part Schematics Acquired . | . . . . . . Parts Damaged . | . . . . . . Bothacking | -11 -10 -10 -10 -9 -8 ------------ Run | Yrd Mat Min Exi Min Mat Used RIF Installer . | . . . . . . Robots Hacked . | . . . . . . Non-combat . | . . . . . . Combat . | . . . . . . Robot Hacks Applied . | . . . . . . Relay Couplers Released . | . . . . . . Fabnet Peak Effective % . | . . . . . . Robots Rewired . | . . . . . . Allies Hacked . | . . . . . . Hacks Repelled . | . . . . . . Allies | -11 -10 -10 -10 -9 -8 -------- Run | Yrd Mat Min Exi Min Mat Total Allies 2 | . . 2 . . . Largest Group 2 | . . 2 2 . . Highest-Rated Group 41 | . . 41 41 . . Highest-Rated Ally 31 | . . 31 31 . . Total Orders . | . . . . . . Ally Attacks . | . . . . . . Total Damage . | . . . . . . Kills . | . . . . . . Allies Corrupted . | . . . . . . Allies Melted . | . . . . . . Intel | -11 -10 -10 -10 -9 -8 ------- Run | Yrd Mat Min Exi Min Mat Robot Analysis Total . | . . . . . . Derelict Logs Recovered 1 | . . . . 1 . Drone Launches . | . . . . . . Drone Recoveries . | . . . . . . Exploration | -11 -10 -10 -10 -9 -8 ------------- Run | Yrd Mat Min Exi Min Mat Turns Passed 2523 | 122 231 215 240 73 1642 Spaces Moved 1733 | 70 138 215 259 81 970 Core 8 | 4 . . . . 4 Treads . | . . . . . . Legs . | . . . . . . Wheels 1725 | 66 138 215 259 81 966 Hover . | . . . . . . Flight . | . . . . . . Fastest Speed 50 | 50 90 90 90 90 90 Average Speed 99 | 87 90 90 90 90 106 Slowest Speed 600 | 90 90 90 90 90 600 Overloaded Moves . | . . . . . . Propulsion Burnouts . | . . . . . . Robots Hopped . | . . . . . . Cave-ins Triggered . | . . . . . . Exploration Rate (%) 31 | 5 21 51 60 17 32 Regions Visited 5 Branch Regions 3 Pre-discovered Areas . | . . . . . . Known Exits Taken 1 | . . 1 . . . Unknown Exits Taken 4 | 1 1 . 1 1 . Scrap Searched 1 | . . 1 . . . Spaces Dug 13 | . . . . . 13 Terrain Destroyed 172 | . . 8 . . 164 Melee 13 | . . . . . 13 Projectile . | . . . . . . AOE 159 | . . 8 . . 151 Terrain Rammed . | . . . . . . Walls Destroyed . | . . . . . . Machines Disabled . | . . . . . . Actions | -11 -10 -10 -10 -9 -8 --------- Run | Yrd Mat Min Exi Min Mat Total 2353 | 101 189 231 267 80 1485 Wait 378 | . 8 9 . . 361 Move 1728 | 69 137 214 258 80 970 Hop . | . . . . . . Pick Up 52 | 10 6 1 3 . 32 Fast Attach 2 | . 1 . . . 1 Attach 18 | 7 . . 1 . 10 Detach . | . . . . . . Swap 27 | 1 4 3 1 . 18 Drop 36 | . 3 1 4 . 28 Fire 85 | 14 30 3 . . 38 Melee 27 | . . . . . 27 Ram . | . . . . . . Kick . | . . . . . . Crush . | . . . . . . Escape Stasis . | . . . . . . Rewire . | . . . . . . Trap . | . . . . . . Miscellaneous . | . . . . . . Route ------- -11/Scrapyard -10/Materials -10/Mines (discovered 2 exits: [*Mat] / *Exi) -10/Exiles -9/Mines -8/Materials History --------- Turn | Location | Event 22 | -11/Scrapyard | Discovered new exit (range 16) 123 | -11/Scrapyard | Entered Materials 249 | -10/Materials | Discovered new exit (range 11) 317 | -10/Materials | Build established: Mutant 354 | -10/Materials | Entered Mines 466 | -10/Mines | Discovered new exit (range 7) 560 | -10/Mines | Deemed a non-threat by the Exiles lab entrance 560 | -10/Mines | Discovered new exit (range 5) 564 | -10/Mines | Identified exit to Exiles 569 | -10/Mines | Entered Exiles 569 | -10/Exiles | Accompanied by 2 allies 591 | -10/Exiles | Met 8R-AWN 599 | -10/Exiles | Led the pair of lost Derelicts to a safe place 608 | -10/Exiles | Met EX-HEX 633 | -10/Exiles | Met EX-BIN 644 | -10/Exiles | Aligned with FarCom system 645 | -10/Exiles | Given EX-Vault access code 666 | -10/Exiles | Opened EX-Vault 673 | -10/Exiles | Found Prototype Processor 674 | -10/Exiles | Identified Modified TNC 676 | -10/Exiles | Found Prototype Storage 707 | -10/Exiles | Warned to stay clear of 0b10 Research branches 733 | -10/Exiles | Met EX-DEC 800 | -10/Exiles | Discovered new exit (range 10) 809 | -10/Exiles | Left Exiles lab with Modified TNC 809 | -10/Exiles | Entered Mines 813 | -9/Mines | Learned location of 1 exit from Proximity Caves 868 | -9/Mines | Discovered new exit (range 5) 882 | -9/Mines | Entered Materials 882 | -8/Materials | Evolved 4 slots: Utility x4 1622 | -8/Materials | Repaired Enh. Autogun 2389 | -8/Materials | Lost 6 parts (1p2n1u2w) 2524 | -8/Materials | Self-destructed Last Messages --------------- 02345_ Slug penetrates Wall. 02346_ Critical hit (Destroy). 02346_ Cld. Ion Engine destroyed. 02347_ Knocked back. 02348_ U-05 Engineer builds a Wall. 02352_ Adv. EMP Blaster destroyed. 02352_ U-05 Engineer builds a Wall. 02353_ Penetrated by Slug. 02356_ Acquired 1 matter. 02358_ Penetrated by Slug. 02358_ Hrd. Light Armor Plating destroyed. 02361_ Acquired 7 matter. 02364_ Penetrated by Slug. 02375_ System corrupted: Matter fused (-8). 02467_ ALERT: Suspicious intruders detected, dispatching Specialist reinforcements to area. 02480_ System corrupted: Energy discharge (-3). 02518_ Sneak attack on X-57 Shotgunner. 02523_ Penetrated by Slug. 02523_ Hrd. Light Armor Plating destroyed. Map ----- +----------------------------------------------------+ | ??????"????#??## # ## # #???????? | | ???"??????????#" """"" # ## # ######### | | ???????????#??## """"" # %#" # ## """ | | ???????????#???# """"" #[% ## """"" # ## "Y" | | ???????????????# """"" + ## """"" + # | | ????#??????????# """"" # ## """"" # + | | ???????????????# """"" # ## # # ! | | ???????????????# """"" # ## # # """ | | ??????????##???# # #########+## # """ | | ????? ?????????##########= #[ """ | | ??????????#?????????????#% # | | ????????????#????##???### ####### #### #####"## | | ??????????? ############ h ###???#????# #[ # | | ??????????? % # #?###+#### # # | | ???????#??? ##??# # # """ # | | ????? ???? ##??#""" # # """ # | | ????? ?? ############# ##??#""" / + """ # | | ????? ??########## # #####""" # # # | | ?????? ?# " " #### + # ####+### | | ?????? # " #??# ##### # #?? | | ?????? " !#??# ############ #?? | | ?????? [ #??# # #####+## #?? | | ????? !H % #??# # # # #?? | | ????? %== #??# + # """ # #?? | | ??????? [ %#### # # """ ####?? | | ????????????# %"###@ # # !""" #????? | | ????????????# x %/ x ##########* ! #????? | | ????????????##############+#######???# ! #????? | | ?????????????????????## % #?????#######"#???? | | ??????????????????????# """"" #????????????##???? | | ?????????????????????## """"" #?????????????????? | | ?????????????????????## """"" #?????????????????? | | ??????????????????????# """"" #?????????????????? | | ??????????????????????# """"" ##????????????????? | | ????????????????????### """"" ##????????????????? | | ????????????????????## """"" ##????????????????? | | ????????????????????### #?????????????????? | | ?????????????????????###########?????????????????? | | ?????????????????????????????????????????????????? | | | | | | | | | | | | | | | | | | | | | | | +----------------------------------------------------+ Best States ------------- Heat Dissipation 35 Energy Generation 14 Energy Capacity 280 Matter Stores 300 Matter Capacity 300 Sight Range 16 Terrain Scan Range 16 Terrain Scan Density 10 ECM Strength 1 Armor Coverage 600 Evasion (%) 42 Targeting Accuracy 5 Item Schematics ----------------- None Robot Schematics ------------------ None Fabricated ------------ Nothing Alien Tech Used ----------------- None Achievements -------------- Use The Force Challenges ------------ None Game ------ Seed GyrokineticHugeSheargun Manual? 0 Play Time 00:51:22 Cumulative 66.4 hours Start 2024.03.25 @ 15:10:38 End 2024.03.25 @ 17:30:32 Sessions 1 Manual Loads 0 Difficulty Rogue Special Mode None Game No. 60 Rogue 58 Adventurer 0 Explorer 2 Win Type - Total 0 Types 0/0/0/0/0/0/0/0/0 Lore% 21 Gallery% 34 Achievement% 22 Wizard Run 0 Options --------- Layout 1 ASCII 0 Keyboard 0 Movement Mouse Keybinds 0 Fullscreen 2 Font 48/Tamsyn Map View 50x35 Zoom Use 0% Tactical HUD 1 Map Filters NONE Filters NONE Steam 1 RUN: a37e06f0-4db7-4310-aac8-6a1326047a04